 Dungeon Crawl Stone Soup version 0.32-a0-868-g153ae1a8d6 (webtiles) character file.

Game seed: 10033211157491160857

1041 Fractals the Magician (level 8, 58/58 HPs)
             Began as a Demonspawn Fire Elementalist on Mar 28, 2024.
             Was a Follower of Kikubaaqudgha.
             Quit the game on level 6 of the Dungeon.
             The game lasted 00:19:36 (5970 turns).

Fractals the Magician (DsFE)                        Turns: 5970, Time: 00:19:36

Health: 58/58      AC:  4    Str: 10    XL:     8   Next: 4%
Magic:  15/15      EV: 12    Int: 16    God:    Kikubaaqudgha [*.....]
Gold:   204        SH:  0    Dex: 20    Spells: 13/17 levels left

rFire   . . .        y - +0 short sword (vamp)
rCold   . . .        (no shield)
rNeg    + . .        a - +0 robe
rPois   .            v - +0 helmet
rElec   .            (no cloak)
rCorr   .            (no gloves)
SInv    .            i - +0 pair of boots
Will    .....        t - amulet of the acrobat
Stlth   +++          e - ring of positive energy
HPRegen 0.29/turn    x - +6 ring of dexterity
MPRegen 0.14/turn

%: acrobat
@: no status effects
A: claws 2, powered by pain 1, sanguine armour 2, demonic magic 1
a: Renounce Religion, Unearth Wretches


You were on level 6 of the Dungeon.
You worshipped Kikubaaqudgha.
Kikubaaqudgha was aware of your devotion.
You visited 2 branches of the dungeon, and saw 7 of its levels.

You collected 204 gold pieces.

Inventory:

Hand Weapons
 y - a +0 vampiric short sword (weapon)
Armour
 a - a +0 robe (worn)
 i - a +0 pair of boots (worn)
 u - a +0 buckler of reflection
 v - a +0 helmet (worn)
 D - a +0 pair of gloves
Jewellery
 e - a ring of positive energy (left claw)
 t - an amulet of the acrobat (around neck)
 x - a +6 ring of dexterity (right claw)
 B - a ring of see invisible
Wands
 C - a wand of quicksilver (12)
Scrolls
 c - a scroll of identify
 d - a scroll of amnesia
 g - a scroll of fear
 h - a scroll of fog {unknown}
 k - a scroll of teleportation
 l - a scroll of vulnerability {unknown}
 n - a scroll of enchant armour {unknown}
 o - a scroll of blinking {unknown}
 p - a scroll of poison {unknown}
 q - a scroll of enchant weapon {unknown}
 s - a scroll of revelation {unknown}
 z - a scroll of brand weapon {unknown}
Potions
 b - a potion of magic
 f - a potion of enlightenment {unknown}
 j - a potion of brilliance {unknown}
 m - 3 potions of lignification
 r - a potion of resistance {unknown}
 w - 3 potions of haste
 A - a potion of mutation {unknown}


   Skills:
 - Level 3.0 Fighting
 - Level 3.0 Dodging
 - Level 3.5 Stealth
 - Level 5.0 Spellcasting
 - Level 3.0 Conjurations
 + Level 2.1 Necromancy
 + Level 4.9 Fire Magic


You had 13 spell levels left.
You knew the following spells:

 Your Spells              Type           Power      Damage    Failure   Level
a - Foxfire               Conj/Fire      64%        2x1d7     3%          1
b - Scorch                Fire           38%        2d6       3%          2
c - Necrotise             Necr           40%        1d6       6%          1

Your spell library contained the following spells:

 Spells                   Type           Power      Damage    Failure   Level
 Kiss of Death            Conj/Necr      48%        2d9       5%          1
 Sublimation of Blood     Necr           10%        N/A       10%         2
 Inner Flame              Hex/Fire       11%        N/A       17%         3
 Volatile Blastmotes      Fire/Tloc      22%        2d11      17%         3
 Flame Wave               Conj/Fire      16%        2d7       30%         4
 Animate Dead             Necr           10%        N/A       54%         4


Dungeon Overview and Level Annotations

Branches:
Dungeon (6/15)             Temple (1/1) D:4

Altars:
Cheibriados
Dithmenos
Fedhas
Gozag
Hepliaklqana
Kikubaaqudgha
Makhleb
Nemelex Xobeh
Qazlal
Ru
Sif Muna
Trog
Uskayaw
Vehumet
Wu Jian
Xom
Yredelemnul

Shops:
D:5 =


Innate Abilities, Weirdness & Mutations

You have very sharp fingernails.
You sometimes gain a little power by taking damage.
When seriously injured, your blood forms thick armour. (AC +0)
Spells you cast may paralyse adjacent enemies.


Message History

The ice beast hits you but does no damage.
You hit the ice beast.
The ice beast is almost dead.
The ice beast hits you but does no damage.
Casting: Foxfire (safe; 3% risk of failure)
Press: ? - help, Q - select action, (/) - cycle Dir - look around, f - activate You conjure some foxfire!
Malevolent energies surge around you.
The ice beast hits you but does no damage.
Unknown command.
You hit the ice beast.
The ice beast is almost dead.
The foxfire hits the ice beast but does no damage.
The ice beast is almost dead.
The foxfire hits the ice beast!
The ice beast melts!
You kill the ice beast!
Kikubaaqudgha accepts your kill.
Your Necromancy skill increases to level 2!
You have reached level 8!
You feel agile.
You see here a +0 whip.
Found a stone staircase leading down.
Unknown command.
Done exploring.
Done exploring.
Done exploring.
There is a stone staircase leading down here.
You climb downwards.
There is a stone staircase leading up here.
As you read the scroll labelled SAZETZ BECOLL, it crumbles to dust.
You assume a fearsome visage.
Nothing appears to happen.
It was a scroll of fear.
Okay, then.
Okay, then.
As you read the scroll of identify, it crumbles to dust.
m - 3 potions of lignification Saving game... please wait.
Welcome back, Fractals the Demonspawn Fire Elementalist.
Kikubaaqudgha says: Spread unending torment and darkness!
Press ? for a list of commands and other information.
Are you sure you want to abandon this character and quit the game? (Confirm with "yes".) ...###### #.....@# ##.#####

There were no monsters in sight!

Vanquished Creatures
  3 ice beasts (D:5)
  2 phantoms
  A vampire bat (D:5)
  A jelly (D:5)
  5 hounds
  An iguana (D:5)
  An orc wizard (D:4)
  Robin (D:1)
  4 gnolls (D:3)
  10 adders
  A white imp (D:4)
  2 ufetubi (D:5)
  2 dart slugs (D:1)
  3 fire bats (D:5)
  10 orcs
  2 spectral bats (D:5)
  4 ball pythons
  14 bats
  A bat simulacrum (D:5)
  3 bat skeletons (D:5)
  A bat zombie (D:5)
  4 endoplasms
  5 giant cockroaches
  16 goblins
  10 hobgoblins
  2 jackals (D:2)
  2 quokkas
  6 frilled lizards
  3 kobolds
  3 rats
123 creatures vanquished.

Vanquished Creatures (others)
  110 foxfires
110 creatures vanquished.

Grand Total: 233 creatures vanquished

Notes
Turn   | Place    | Note
-------+----------+-------------------------------------------
     0 | D:1      | Fractals the Demonspawn Fire Elementalist began the quest
                  | for the Orb.
     0 | D:1      | Reached XP level 1. HP: 13/13 MP: 3/3
   250 | D:1      | Reached skill level 1 in Fighting
   314 | D:1      | Gained mutation: You sometimes gain a little power by
                  | taking damage. [demonic ancestry]
   314 | D:1      | Reached XP level 2. HP: 22/22 MP: 3/5
   949 | D:1      | Gained mutation: When seriously injured, your blood forms
                  | armour. (AC +0) [demonic ancestry]
   949 | D:1      | Reached XP level 3. HP: 6/27 MP: 1/6
  1099 | D:2      | Learned a level 2 spell: Scorch
  1323 | D:2      | Gained mutation: You have sharp fingernails. [demonic
                  | ancestry]
  1323 | D:2      | Reached XP level 4. HP: 10/33 MP: 0/7
  1654 | D:3      | Noticed Robin
  1906 | D:1      | Killed Robin
  2135 | D:2      | Reached skill level 3 in Spellcasting
  2694 | D:3      | Gained mutation: Spells you cast may paralyse adjacent
                  | enemies. [demonic ancestry]
  2694 | D:3      | Reached XP level 5. HP: 39/39 MP: 7/9
  3319 | D:4      | Found a burning altar of Makhleb.
  3509 | D:4      | Found a staircase to the Ecumenical Temple.
  3523 | Temple   | Entered the Ecumenical Temple
  3563 | Temple   | Became a worshipper of Kikubaaqudgha
  3613 | D:4      | Noticed a phantom
  3619 | D:4      | Killed a phantom
  3620 | D:4      | Gained mutation: When seriously injured, your blood forms
                  | thick armour. (AC +0) [demonic ancestry]
  3620 | D:4      | Reached XP level 6. HP: 42/47 MP: 4/10
  4082 | D:5      | Entered Level 5 of the Dungeon
  4398 | D:5      | Found a sparkling altar of Nemelex Xobeh.
  4400 | D:5      | Found a radiant altar of Vehumet.
  4403 | D:5      | Found a shimmering blue altar of Sif Muna.
  4404 | D:5      | Found a hazy altar of Hepliaklqana.
  4406 | D:5      | Found a hide-covered altar of Uskayaw.
  4408 | D:5      | Found a shadowy altar of Dithmenos.
  4409 | D:5      | Found an ornate altar of the Wu Jian Council.
  4634 | D:5      | Found Zuti's Jewellery Emporium.
  4638 | D:5      | Noticed an ice beast
  4642 | D:5      | Found a bloodstained altar of Trog.
  4652 | D:5      | Killed an ice beast
  4773 | D:5      | Reached skill level 4 in Spellcasting
  4773 | D:5      | Gained mutation: You have very sharp fingernails. [demonic
                  | ancestry]
  4773 | D:5      | Reached XP level 7. HP: 52/52 MP: 4/13
  4861 | D:5      | Reached * piety under Kikubaaqudgha
  4861 | D:5      | Received a gift from Kikubaaqudgha
  5572 | D:5      | Learned a level 1 spell: Necrotise
  5630 | D:5      | Reached skill level 5 in Spellcasting
  5726 | D:5      | Reached skill level 1 in Necromancy
  5766 | D:5      | Reached XP level 8. HP: 58/58 MP: 7/15
  5970 | D:6      | Quit the game

Illustrated notes

Levels and vault maps discovered:
D:1:      saegor_arrival_simple_e, layout_loops_ring
D:2:      layout_rooms
D:3:      layout_rooms, chequers_serial_rivers_small_3, grunt_decor_resistance,
          minmay_misc_feat_roman, uniq_robin
D:4:      layout_loops_corners, bloody_makhleb, minmay_temple_entry_glass
D:5:      layout_loops_ring, minitemple, trog_book, serial_shops, shop,
          goddamned_bats
D:6:      layout_basic, mainiacjoe_overflow_concentric_impassable,
          nrook_campfire, item_on_display_a
Temple:   chequers_temple_sunken

Skill      XL: |  1  2  3  4  5  6  7 |
---------------+----------------------+-----
Fighting       | 1 2 3 |  3.0
Stealth        | 2 3 |  3.5
Fire Magic     | 3 4 |  4.9
Spellcasting   | 3 4 5 |  5.0
Conjurations   | 3 |  3.0
Dodging        | 2 3 |  3.0
Necromancy     | 2 |  2.1

Action                     |  1- 3 |  4- 6 |  7- 9 || total
---------------------------+-------+-------+-------++-------
  Melee: Short sword       |    84 |   146 |   102 ||   332
   Cast: Foxfire           |    23 |    32 |    11 ||    66
         Scorch            |     6 |    29 |    19 ||    54
    Use: Scroll            |       |     3 |     2 ||     5
   Stab: Sleeping          |     5 |     6 |     2 ||    13
         Paralysed         |       |     9 |     4 ||    13
         Distracted        |       |       |     1 ||     1
 Armour: Robe              |    61 |    98 |    91 ||   250
  Dodge: Dodged            |    58 |   125 |   141 ||   324

Table legend: (Time is in decaauts)
 A = Elapsed time spent in this place.
 B = Non-inter-level travel time spent in this place.
 C = Inter-level travel time spent in this place.
 D = Time resting spent in this place.
 E = Time spent auto-exploring this place.
 F = Levels seen in this place.
 G = Mean time per level.
                   A        B        C        D        E       F      G
               +--------+--------+--------+--------+--------+-----+--------+
         Total |   5980 |   5681 |    299 |   1300 |   2891 |   7 |  854.3 |
       Dungeon |   5921 |   5638 |    283 |   1278 |   2891 |   6 |  986.8 |
        Temple |     59 |     43 |     16 |     22 |      0 |   1 |   59.0 |
               +--------+--------+--------+--------+--------+-----+--------+

Top non-repeatable levels by time:
     D:5: 1702 daAuts
     D:1: 1327 daAuts
     D:4: 1141 daAuts
     D:2: 913 daAuts
     D:3: 833 daAuts
  Temple: 59 daAuts
     D:6: 2 daAuts
